 Dungeon Crawl Stone Soup version 0.23.2 (webtiles) character file.

Game seed: 17438305842533757589

13041 Fang the Fighter (level 12, -2/118 HPs)
             Began as a Gargoyle Berserker on Apr 3, 2019.
             Was a High Priest of Trog.
             Slain by a freezing wraith (8 damage)
             ... in an ice cave on Apr 4, 2019.
             The game lasted 00:14:28 (12297 turns).

Fang the Fighter (Gargoyle Berserker)              Turns: 12297, Time: 00:14:28

Health: -2/118     AC: 30    Str: 30    XL:     12   Next: 1%
Magic:  4/4        EV: 11    Int: 12    God:    Trog [*****.]
Gold:   781        SH:  0    Dex:  9    Spells: 11/11 levels left

rFire    + . .     SeeInvis .   t - +2 broad axe (antimagic)
rCold    + + .     Gourm    .   (no shield)
rNeg     + . .     Faith    .   b - +3 plate armour
rPois    ∞         Spirit   .   (no helmet)
rElec    +         Reflect  .   C - scarf {rC+ rF+}
rCorr    .         Harm     .   (no gloves)
MR       .....                  y - +2 pair of boots
Stlth    ..........             (no amulet)
HPRegen  0.29/turn              o - ring of protection from cold
MPRegen  0.09/turn              d - +3 ring of intelligence

@: berserking, slowed
A: negative energy resistance 1, electricity resistance, unbreathing,
petrification resistance, rot immunity, AC +8
a: Berserk, Trog's Hand, Brothers in Arms, Renounce Religion


You were in an ice cave.
You worshipped Trog.
Trog was extremely pleased with you.
You were very hungry.

You visited 3 branches of the dungeon, and saw 13 of its levels.
You also visited: Ice Cave.

You collected 781 gold pieces.

Inventory:

Hand Weapons
 a - a +0 war axe
 t - a +2 antimagic broad axe (weapon)
Armour
 b - a +3 plate armour (worn)
 y - a +2 pair of boots (worn)
 C - a scarf of resistance (worn)
Jewellery
 d - a +3 ring of intelligence (right hand)
 o - a ring of protection from cold (left hand)
 u - an uncursed ring of positive energy
Wands
 n - a wand of polymorph (19)
 p - a wand of digging (3)
Scrolls
 f - 4 scrolls of identify
 h - 2 scrolls of fear
 j - 6 scrolls of teleportation
 m - 5 scrolls of remove curse
 s - 2 scrolls of blinking
 x - a scroll of fog
 A - a scroll of magic mapping
Potions
 e - 3 potions of agility
 g - 4 potions of lignification
 i - a potion of cancellation
 k - 2 potions of heal wounds
 l - 4 potions of flight
 r - 5 potions of brilliance
 v - 3 potions of haste
 w - 5 potions of curing
 z - a potion of resistance
 B - a potion of mutation
Comestibles
 c - 25 rations


   Skills:
 + Level 10.8 Fighting
 + Level 9.2 Axes
 + Level 10.6 Armour
 + Level 8.2 Dodging


You had 11 spell levels left.
You didn't know any spells.
Your spell library was empty.

Dungeon Overview and Level Annotations

Branches:
Dungeon (11/15)            Temple (1/1) D:4            Lair (1/6) D:8
    Orc (0/2) D:10

Altars:
Ashenzari
Dithmenos
Elyvilon
Gozag
Nemelex Xobeh
Ru
Sif Muna
Trog
Xom
Yredelemnul
The Shining One

Shops:
D:10 :


Innate Abilities, Weirdness & Mutations

You are resistant to torment.
Your stone body is resilient. (AC +8)
You are immune to poison.
You resist negative energy. (rN+)
You are resistant to electric shocks. (rElec)
You can survive without breathing.
You are immune to petrification.
You are immune to rotting.


Message History

You barely miss the freezing wraith.
The freezing wraith is almost destroyed.
You closely miss the freezing wraith. The freezing wraith hits you!
* * * LOW HITPOINT WARNING * * *
The freezing wraith freezes you! You resist.
* * * LOW HITPOINT WARNING * * *
The freezing wraith closely misses you.
The freezing wraith hits you but does no damage.
The freezing wraith barely misses you.
You barely miss the freezing wraith.
The freezing wraith is almost destroyed.
You slash the freezing wraith!
The freezing wraith hits you but does no damage.
The freezing wraith completely misses you.
The freezing wraith hits you!
* * * LOW HITPOINT WARNING * * *
The freezing wraith freezes you. You resist.
* * * LOW HITPOINT WARNING * * *
The freezing wraith hits you!
You die...

##...###.##
..
######..#
#. ##..##
#.. ##...#
#.. ##...##
#.# ##...##
#..##...##
#.W#..##
#.W@..#
##...##
#####


You could see 2 freezing wraiths.

Vanquished Creatures
  A hydra (Lair:1)
  An ugly thing (D:11)
  A manticore (D:11)
  An efreet (D:10)
  A komodo dragon (Lair:1)
  2 rime drakes (Lair:1)
  2 freezing wraiths (IceCv)
  2 hippogriffs
  Sigmund (D:2)
  Eustachio (D:6)
  A human (D:7)
  4 hogs (D:7)
  14 yaks
  A steam dragon (D:8)
  A death yak simulacrum (IceCv)
  Edmund (D:6)
  A water moccasin (D:7)
  A porcupine (Lair:1)
  6 orc warriors
  6 ice beasts
  2 phantoms
  4 sky beasts
  3 black bears
  5 centaurs
  An ogre (D:6)
  A big kobold (D:10)
  8 bullfrogs
  A gnoll sergeant (D:8)
  2 wyvern zombies
  A scorpion (D:10)
  3 killer bees (D:7)
  2 elephant simulacra (IceCv)
  4 wights
  An electric eel (Lair:1)
  4 howler monkeys
  5 crimson imps
  3 bullfrog zombies
  A centaur zombie (D:9)
  12 orc wizards
  3 jellies
  7 hounds
  8 orc priests
  6 bullfrog skeletons
  3 centaur skeletons
  7 iguanas
  3 worker ants (D:8)
  A wolf simulacrum (IceCv)
  A hound zombie (D:6)
  A hound skeleton (D:9)
  A howler monkey zombie (D:6)
  A worker ant zombie (D:10)
  Robin (D:4)
  A howler monkey skeleton (D:10)
  8 gnolls
  10 adders
  3 shadow imps
  5 white imps (IceCv)
  3 oozes
  3 worms
  2 dart slugs
  12 leopard geckos
  58 orcs
  3 ball pythons
  8 giant cockroaches
  14 goblins
  9 hobgoblins
  17 jackals
  A quokka (D:4)
  5 bats
  5 frilled lizards
  A jackal skeleton (D:4)
  7 kobolds
  A leopard gecko skeleton (D:4)
  4 rats
335 creatures vanquished.

Notes
Turn   | Place    | Note
-------+----------+-------------------------------------------
     0 | D:1      | Fang the Gargoyle Berserker began the quest for the Orb.
     0 | D:1      | Reached XP level 1. HP: 14/14 MP: 1/1
    83 | D:1      | Reached XP level 2. HP: 19/19 MP: 2/2
   578 | D:1      | Reached XP level 3. HP: 23/23 MP: 3/3
   746 | D:2      | Reached ** piety under Trog
  1056 | D:2      | Noticed Sigmund
  1067 | D:2      | Killed Sigmund
  1067 | D:2      | Reached XP level 4. HP: 22/30 MP: 4/4
  1067 | D:2      | Reached XP level 5. HP: 25/34 MP: 5/5
  1412 | D:2      | Found a white marble altar of Elyvilon.
  1611 | D:2      | Found a sparkling altar of Nemelex Xobeh.
  1818 | D:3      | Reached XP level 6. HP: 26/39 MP: 6/6
  2370 | D:3      | Found a faded altar of an unknown god.
  2593 | D:4      | Reached skill level 5 in Fighting
  2627 | D:4      | Reached XP level 7. HP: 44/44 MP: 7/7
  2641 | D:4      | Reached *** piety under Trog
  2727 | D:4      | Found a glowing golden altar of the Shining One.
  2732 | D:4      | Found a basalt altar of Yredelemnul.
  2734 | D:4      | Noticed a profane servitor
  2803 | D:4      | Noticed Robin
  2823 | D:4      | Killed Robin
  3069 | D:4      | Found a staircase to the Ecumenical Temple.
  3077 | Temple   | Entered the Ecumenical Temple
  3106 | D:4      | Noticed an angel
  3138 | D:5      | Entered Level 5 of the Dungeon
  3232 | D:5      | Reached skill level 5 in Armour
  3343 | D:5      | Reached XP level 8. HP: 48/51 MP: 8/8
  3414 | D:5      | Found a bloodstained altar of Trog.
  3591 | D:5      | Found an opulent altar of Gozag.
  4077 | D:6      | Reached skill level 5 in Axes
  4225 | D:6      | Noticed Edmund
  4248 | D:6      | Killed Edmund
  4819 | D:6      | Reached XP level 9. HP: 50/56 MP: 9/9
  5030 | D:6      | Reached skill level 5 in Dodging
  5039 | D:6      | Noticed Eustachio
  5056 | D:6      | Killed Eustachio
  5057 | D:6      | Reached **** piety under Trog
  5584 | D:7      | Found a bloodstained altar of Trog.
  5820 | D:7      | Reached ***** piety under Trog
  5939 | D:7      | Found a shimmering altar of Xom.
  6115 | D:7      | Reached XP level 10. HP: 47/64 MP: 10/10
  6568 | D:8      | Found a shadowy altar of Dithmenos.
  6571 | D:8      | Found a deep blue altar of Sif Muna.
  6580 | D:8      | Found a sacrificial altar of Ru.
  6979 | D:8      | Found a staircase to the Lair.
  7523 | D:9      | Received a gift from Trog
  8545 | D:10     | Entered Level 10 of the Dungeon
  8582 | D:10     | Reached XP level 11. HP: 65/71 MP: 3/11
  8691 | D:10     | Found Goh Usm's Book Shoppe.
  8846 | D:10     | Found a staircase to the Orcish Mines.
  9658 | D:10     | Reached skill level 10 in Fighting
  9946 | D:11     | Noticed a white ugly thing
 10394 | D:11     | Found a shattered altar of Ashenzari.
 10406 | D:11     | Killed a white ugly thing
 10406 | D:11     | Reached skill level 10 in Armour
 10692 | D:11     | Noticed a manticore
 11096 | D:11     | Killed a manticore
 11461 | Lair:1   | Entered Level 1 of the Lair of Beasts
 11548 | Lair:1   | Found a frozen archway.
 11592 | Lair:1   | Noticed a five-headed hydra
 11606 | Lair:1   | Killed a ten-headed hydra
 11675 | IceCv    | Entered an ice cave
 12119 | IceCv    | Reached XP level 12. HP: 42/79 MP: 4/12
 12297 | IceCv    | Slain by a freezing wraith

Skill      XL: |  1  2  3  4  5  6  7  8  9 10 11 |
---------------+----------------------------------+-----
Axes           | 3 4 5 6 8 9 |  9.2
Dodging        | 2 3 4 5 7 8 |  8.2
Fighting       | 4 5 6 8 9 10 | 10.8
Armour         | 3 4 5 6 7 9 10 | 10.6

Action                   |  1- 3 |  4- 6 |  7- 9 | 10-12 || total
-------------------------+-------+-------+-------+-------++-------
Melee: Hand axe          |    86 |       |       |       ||    86
       War axe           |    35 |   115 |   455 |   166 ||   771
       Broad axe         |       |       |       |   448 ||   448
Invok: Berserk           |     1 |       |     4 |     9 ||    14
       Trog's Hand       |       |     1 |     1 |     1 ||     3
       Brothers in Arms  |       |       |       |     1 ||     1
  Use: Scroll            |       |       |    16 |     8 ||    24
       Potion            |       |       |     1 |     3 ||     4
  Eat: Chunk             |     1 |     6 |    16 |    23 ||    46
       Ration            |       |       |       |     2 ||     2
Armor: Animal skin       |     8 |       |       |       ||     8
       Chain mail        |    93 |    90 |    11 |       ||   194
       Plate armour      |       |       |   494 |   683 ||  1177
Dodge: Dodged            |    74 |    61 |   307 |   408 ||   850
